 Dungeon Crawl Stone Soup version 0.25.0-9-g26727b657a (webtiles) character file.

Game seed: 7393014332426021607

9 Esekla the Magician (level 2, -2/20 HPs)
             Began as a Barachi Wizard on June 18, 2020.
             Slain by an adder (5 damage)
             ... on level 2 of the Dungeon.
             The game lasted 00:03:30 (612 turns).

Esekla the Magician (Barachi Wizard)                 Turns: 612, Time: 00:03:31

Health: -2/20      AC:  2    Str:  8    XL:     2   Next: 16%
Magic:  6/6        EV: 12    Int: 18    God:
Gold:   23         SH:  0    Dex: 10    Spells: 5/8 levels left

rFire    . . .     SeeInvis .   j - +0 long sword
rCold    . . .     Gourm    .   (no shield)
rNeg     . . .     Faith    .   a - +0 robe
rPois    .         Spirit   .   b - +0 hat
rElec    .         Reflect  .   (no cloak)
rCorr    .         Harm     .   (no gloves)
MR       +....                  (no boots)
Stlth    ++........             (no amulet)
HPRegen  0.06/turn              f - ring of protection from magic
MPRegen  0.10/turn              (no ring)

@: lethally poisoned (-2 -> -10), slow
A: +LOS, swims, slowness 1, strong legs 1
a: Hop


You were on level 2 of the Dungeon.
You were not hungry.

You visited 1 branch of the dungeon, and saw 2 of its levels.

You collected 23 gold pieces.

Inventory:

Hand Weapons
 h - a +0 dagger
 j - a +0 long sword (weapon)
Missiles
 e - 12 poisoned darts (quivered)
Armour
 a - a +0 robe (worn)
 b - a +0 hat (worn)
Jewellery
 f - a ring of protection from magic (left hand)
Scrolls
 g - a scroll of enchant armour {unknown}
Potions
 c - a potion of curing {unknown}
 i - a potion of berserk rage {unknown}
Comestibles
 d - a ration


   Skills:
 * Level 0.8 Fighting
 + Level 2.2 Dodging
 - Level 1.7 Stealth
 + Level 3.6 Spellcasting
 * Level 1.3 Conjurations
   Level 1.2 Summonings
 + Level 1.1 Translocations


You had 5 spell levels left.
You knew the following spells:

 Your Spells              Type           Power        Failure   Level  Hunger
a - Magic Dart            Conj           #...         9%          1    None
b - Blink                 Tloc           N/A          14%         2    ##.....

Your spell library contained the following spells:

 Spells                   Type           Power        Failure   Level  Hunger
 Call Imp                 Summ           #.......     14%         2    ##.....
 Slow                     Hex            #.......     24%         2    ##.....
 Conjure Flame            Conj/Fire      #.......     34%         3    ###....
 Mephitic Cloud           Conj/Pois/Air  #.......     36%         3    ###....


Dungeon Overview and Level Annotations

Branches:
Dungeon (2/15)

Altars:
Nemelex Xobeh
Trog
Uskayaw
The Shining One


Innate Abilities, Weirdness & Mutations

You can be seen from farther away. (+LOS)
You can swim through water.
You cover ground slowly.
You can hop short distances.


Message History

The frilled lizard bites you. The adder bites you but does no damage.
The adder barely misses you.
You miss the adder. The adder bites you. x2
You barely miss the adder. The adder closely misses you.
You riposte.
You closely miss the adder. You closely miss the adder. The adder bites you. x2
You are poisoned.
The adder poisons you!
You miss the adder.
You feel sick. The adder bites you.
* * * LOW HITPOINT WARNING * * *
The adder bites you.
* * * LOW HITPOINT WARNING * * *
You are lethally poisoned!
The adder poisons you!
You slash the adder!
The adder is severely wounded.
* * * LOW HITPOINT WARNING * * *
You feel sick. The adder barely misses you. The adder bites you.
You die...

#......# # # #.####.# ....
#.####.##### .....
#.##.......#
.._...######.##.#.###.#
._8_......##......###.####
.._... ...#####.##.......#
.......##K#####.##.##.##.#
.......†.lS@....##.##.#
####.##.#.########.#..#
.....##### #.#.## #
###.#.....# #.#.###.#
#.#.....# #.......#
#####.#.....# ##...####
#..r.r#.....# #.....# #.#
###.....#####...## #.#
#.....###......#


You could see an adder, a kobold and a frilled lizard.

Vanquished Creatures
  An ooze (D:2)
  2 hobgoblins (D:1)
  A jackal (D:1)
  A rat (D:2)
5 creatures vanquished.

Notes
Turn   | Place    | Note
-------+----------+-------------------------------------------
     0 | D:1      | Esekla the Barachi Wizard began the quest for the Orb.
     0 | D:1      | Reached XP level 1. HP: 13/13 MP: 4/4
   384 | D:2      | Reached XP level 2. HP: 10/20 MP: 1/6
   388 | D:2      | Learned a level 2 spell: Blink
   601 | D:2      | Found a glowing golden altar of the Shining One.
   602 | D:2      | Found a bloodstained altar of Trog.
   603 | D:2      | Found a sparkling altar of Nemelex Xobeh.
   603 | D:2      | Found a hide-covered altar of Uskayaw.
   612 | D:2      | Slain by an adder

Illustrated notes

Levels and vault maps discovered:
D:1:      minmay_arrival_four_houses, layout_basic, st_stairs_3,
          hangedman_abyss_or_decor_lesser_grid, minmay_misc_feat_enclosed
D:2:      layout_loops_cross, chequers_temple_overflow_statue_of_worship

Action                   || total
-------------------------++-------
Melee: Long sword        ||     6
 Cast: Magic Dart        ||    14
 Abil: Hop               ||     1
Armor: Robe              ||     5
Dodge: Dodged            ||    11
       Rpst.: Long sword ||     1
